 Dungeon Crawl Stone Soup version 0.28-a0-1638-g9123634e07 (webtiles) character file.

Game seed: 16557044652325563970

93453 Hasart the Martial Artist (level 16, 0/127 HPs)
             Began as an Octopode Transmuter on Jan 25, 2022.
             Was an Initiate of Gozag.
             Slain by a +1 halberd of venom (11 damage)
             ... on level 1 of the Elven Halls.
             The game lasted 01:21:42 (39433 turns).

Hasart the Martial Artist (Octopode Transmuter)    Turns: 39433, Time: 01:21:43

Health: 0/127      AC: 13    Str: 16    XL:     16   Next: 8%
Magic:  0/28       EV: 17    Int: 29    God:    Gozag
Gold:   617        SH:  0    Dex: 25    Spells: 6/31 levels left

rFire   + . .      SeeInvis +     - Unarmed
rCold   + + +      Faith    .   (shield currently unavailable)
rNeg    + + +      Spirit   +   (helmet currently unavailable)
rPois   +          Reflect  .   R - amulet of the Pharaoh's Fist {Spirit rPois rN+ SInv}
rElec   +          Harm     .   g - ring of Xeas Nea {Wiz rElec rCorr Str+4 Int+4}
rCorr   +          Rampage  .   z - ring of Joy {rF+ Will+}
Will    +++..      Archmagi +   u - +4 ring of slaying
Stlth   +++.......              f - ring "Weoxadya" {rN+ Dex+6}
HPRegen 0.31/turn               p - ring "Ucvenwam" {rF+ rN+ Dex+6 Stlth+}
MPRegen 0.21/turn               P - ring of the Mage {Wiz Archmagi}
                                V - ring "Vosouf" {Fly Will+ Int+4 Dex-3 Slay+4}
                                o - ring of Odghiageu {Dex+4 Slay+3 SInv}

@: ice-form, gold aura, flying
A: freezing attack, boosted hp, almost no armour, amphibious, 8 rings, large,
(camouflage 1), (gelatinous body 1), (nimble swimmer 1), (tentacles)
a: End Transformation, Renounce Religion, Potion Petition, Call Merchant, Bribe
Branch


You were on level 1 of the Elven Halls.
You worshipped Gozag.
Gozag was pleased with you.
You were a creature of crystalline ice.
You visited 5 branches of the dungeon, and saw 25 of its levels.
You also visited: Gauntlet and Ice Cave.

You collected 11091 gold pieces.
You spent 5959 gold pieces at shops.
You paid 4515 gold pieces to Gozag.

Inventory:

Hand Weapons
 h - the +11 rapier "Zaytti" (melded) {vorpal, Dex+3 SInv}
   (You found it on level 3 of the Dungeon)

   It inflicts extra damage upon your enemies.
   Dex:       It affects your dexterity (+3).
   SInv:      It lets you see invisible.
Missiles
 x - 11 silver javelins (quivered)
 A - 4 throwing nets
Armour
 M - a +1 kite shield (melded)
Jewellery
 a - the macabre finger necklace {rN+}
   (You found it in a Gauntlet)

   [amulet of nothing]

   It enables you to equip an extra ring.
   rN:        It protects you from negative energy.
 f - the ring "Weoxadya" (on tentacle) {rN+ Dex+6}
   (You found it in a Gauntlet)

   [ring of dexterity]

   Dex:       It affects your dexterity (+6).
   rN:        It protects you from negative energy.
 g - the ring of Xeas Nea (left front paw) {Wiz rElec rCorr Str+4 Int+4}
   (You found it on level 7 of the Dungeon)

   [ring of wizardry]

   It improves your spell success rate.
   Str:       It affects your strength (+4).
   Int:       It affects your intelligence (+4).
   rElec:     It insulates you from electricity.
   rCorr:     It protects you from acid and corrosion.
 j - a +4 ring of protection
 o - the ring of Odghiageu (on tentacle) {Dex+4 Slay+3 SInv}
   (You bought it in a shop on level 2 of the Orcish Mines)

   [ring of see invisible]

   Dex:       It affects your dexterity (+4).
   Slay:      It affects your accuracy & damage with ranged weapons and melee
   (+3).
   SInv:      It lets you see invisible.
 p - the ring "Ucvenwam" (on tentacle) {rF+ rN+ Dex+6 Stlth+}
   (You bought it in a shop on level 2 of the Orcish Mines)

   [ring of dexterity]

   Dex:       It affects your dexterity (+6).
   rF:        It protects you from fire.
   rN:        It protects you from negative energy.
   Stlth:     It makes you more stealthy.
 u - a +4 ring of slaying (on tentacle)
 z - the ring of Joy (right front paw) {rF+ Will+}
   (You bought it in a shop on level 2 of the Orcish Mines)

   [ring of protection from fire]

   rF:        It protects you from fire.
   Will:      It increases your willpower.
 K - a ring of willpower
 N - an amulet of the acrobat
 P - the ring of the Mage (on tentacle) {Wiz Archmagi}
   (You found it on level 3 of the Lair of Beasts)

   [ring of wizardry]

   It improves your spell success rate.
   Archmagi:  It increases the power of your magical spells.
 R - the amulet of the Pharaoh's Fist (around neck) {Spirit rPois rN+ SInv}
   (You bought it in a shop on level 6 of the Lair of Beasts)

   [amulet of guardian spirit]

   It causes incoming damage to be divided between your reserves of health and
   magic.
   rPois:     It protects you from poison.
   rN:        It protects you from negative energy.
   SInv:      It lets you see invisible.
 V - the ring "Vosouf" (on tentacle) {Fly Will+ Int+4 Dex-3 Slay+4}
   (You bought it in a shop on level 6 of the Lair of Beasts)

   [ring of slaying]

   Int:       It affects your intelligence (+4).
   Dex:       It affects your dexterity (-3).
   Slay:      It affects your accuracy & damage with ranged weapons and melee
   (+4).
   Fly:       It grants you flight.
   Will:      It increases your willpower.
 W - a ring of fire
 X - a ring of protection from cold
 Y - a +4 ring of evasion
Wands
 w - a wand of mindburst (7)
 H - a wand of iceblast (9)
 S - a wand of digging (11)
Scrolls
 b - 3 scrolls of magic mapping
 i - 7 scrolls of amnesia
 k - 10 scrolls of identify
 l - 2 scrolls of blinking
 n - 2 scrolls of summoning
 r - 7 scrolls of teleportation
 y - 4 scrolls of enchant armour
 D - 6 scrolls of fog
 E - 5 scrolls of fear
 F - 3 scrolls of brand weapon
 U - a scroll of immolation
 Z - a scroll of holy word
Potions
 c - 4 potions of might
 d - a potion of mutation
 e - 8 potions of flight
 m - 2 potions of lignification
 q - 3 potions of haste
 s - 2 potions of magic
 t - 2 potions of curing
 v - 2 potions of invisibility
 C - a potion of berserk rage
 G - a potion of heal wounds
 I - 2 potions of brilliance
 L - 2 potions of attraction
 O - 3 potions of cancellation
 T - a potion of resistance


   Skills:
 + Level 8.5 Fighting
 - Level 8.0 Short Blades
 - Level 5.0 Throwing
 + Level 8.7 Dodging
 + Level 6.1 Shields
 * Level 12.3 Unarmed Combat
 + Level 8.1 Spellcasting
 * Level 11.4 Summonings
 + Level 4.8 Translocations
 + Level 8.8 Transmutations
 - Level 7.0 Ice Magic
 + Level 10.0 Poison Magic
 + Level 2.8 Evocations


You had 6 spell levels left.
You knew the following spells:

 Your Spells              Type           Power      Damage    Failure   Level
a - Beastly Appendage     Tmut           100%       N/A       1%          1
b - Wereblood             Tmut           76%        N/A       1%          2
c - Ice Form              Ice/Tmut       72%        N/A       1%          4
d - Call Canine Familiar  Summ           87%        N/A       1%          3
e - Olgreb's Toxic Radia  Pois           81%        N/A       1%          4
f - Eringya's Noxious Bo  Tmut/Pois      39%        N/A       4%          6
g - Blink                 Tloc           100%       N/A       1%          2
s - Frozen Ramparts       Ice            100%       1d12      1%          3

Your spell library contained the following spells:

 Spells                   Type           Power      Damage    Failure   Level
 Apportation              Tloc           100%       N/A       1%          1
 Freeze                   Ice            100%       1d11      1%          1
 Pain                     Necr           68%        1d7       1%          1
 Sandblast                Erth           34%        2d9       1%          1
 Sting                    Tmut/Pois      100%       1d8       1%          1
 Passwall                 Tmut/Erth      45%        N/A       1%          2
 Poisonous Vapours        Pois/Air       100%       N/A       1%          2
 Sublimation of Blood     Necr           17%        N/A       1%          2
 Lesser Beckoning         Tloc           56%        N/A       1%          3
 Portal Projectile        Hex/Tloc       76%        N/A       1%          3
 Spider Form              Tmut/Pois      79%        N/A       1%          3
 Alistair's Intoxication  Tmut/Pois      52%        N/A       1%          5
 Blade Hands              Tmut           38%        N/A       1%          5
 Hailstorm                Conj/Ice       48%        3d11      3%          4
 Stone Arrow              Conj/Erth      34%        3d9       4%          3
 Tukima's Dance           Hex            17%        N/A       4%          3
 Iskenderun's Mystic Bla  Conj/Tloc      38%        2d9       4%          4
 Manifold Assault         Tloc           56%        N/A       4%          5
 Irradiate                Conj/Tmut      27%        3d22      5%          5
 Anguish                  Hex/Necr       8%         N/A       12%         4
 Animate Dead             Necr           8%         N/A       12%         4
 Fulminant Prism          Conj/Hex       8%         3d7       12%         4
 Leda's Liquefaction      Hex/Erth       8%         N/A       12%         4
 Agony                    Necr           17%        N/A       30%         5
 Borgnjor's Vile Clutch   Necr/Erth      8%         N/A       30%         5
 Excruciating Wounds      Necr           8%         N/A       30%         5
 Iskenderun's Battlesphe  Conj           17%        2d7       30%         5
 Simulacrum               Ice/Necr       24%        N/A       38%         6
 Iron Shot                Conj/Erth      8%         9d3       83%         6
 Summon Hydra             Summ           43%        N/A       10%         7
 Dragon Form              Tmut           38%        N/A       26%         7
 Malign Gateway           Summ/Tloc      36%        N/A       32%         7
 Haunt                    Necr/Summ      30%        N/A       63%         7
 Enfeeble                 Hex            8%         N/A       100%        7
 Infestation              Necr           8%         N/A       100%        8
 Chain Lightning          Conj/Air       8%         3d11      100%        9
 Fire Storm               Conj/Fire      8%         8d2       100%        9
 Shatter                  Erth           8%         3d10*     100%        9
 Animate Armour           Summ/Erth      Unusable   N/A       N/A         4

Dungeon Overview and Level Annotations

Branches:
Dungeon (15/15) Temple (1/1) D:5 Lair (6/6) D:9 Shoals (0/4) Lair:4 Spider (0/4) Lair:2 Slime (0/5) Lair:5 Orc (2/2) D:12 Elf (1/3) Orc:2 Vaults (0/5) D:12 D:13 Depths (0/4) D:15 IceCv (visited) Gauntlet (visited)

Altars:
Ashenzari
Cheibriados
Dithmenos
Elyvilon
Fedhas
Gozag
Kikubaaqudgha
Makhleb
Nemelex Xobeh
Okawaru
Qazlal
Ru
Sif Muna
Trog
Uskayaw
Vehumet
Wu Jian
Xom
Yredelemnul
Zin
The Shining One
Jiyva

Shops:
D:5 [   D:6 =   D:10 ?   D:15 [   Orc:2 *==(=   Lair:3 :   Lair:4 !   Lair:6 =

Annotations:
D:3 1 runed translucent door, Crazy Yiuf
Orc:1 1 runed translucent door, p0werm0de's ghost, journeyman MiCK
Orc:2 2 transporters


Innate Abilities, Weirdness & Mutations

You are a creature of crystalline ice.
You have a powerful freezing melee attack.
Your maximum health is increased.
Your armour is entirely melded.
You are incapable of wielding weapons or throwing items.
You cannot wear most types of armour.
You are amphibious.
You can wear up to eight rings at the same time.
((Your skin changes colour to match your surroundings (Stealth+).))
((Your rubbery body absorbs attacks. (AC +1, EV +1)))
((You are camouflaged when in or above water. (Stealth+)))
((You have tentacles for arms and can constrict up to eight enemies at once.))


Message History

Your toxic aura wanes.
You feel sick. The +1 halberd of venom misses you.
The fire elemental completely misses you.
You punch the fire elemental! You freeze the fire elemental.
You destroy the fire elemental!
You feel sick.
The +1 halberd of venom hits you from afar!
You feel sick.
You feel sick.
You are no longer poisoned.
The +1 halberd of venom hits you from afar!
You are poisoned.
There is an open door here.
You feel very sick. The +1 halberd of venom hits you!
You closely miss the +1 halberd of venom.
You feel very sick. The +1 halberd of venom hits you!
* * * LOW HITPOINT WARNING * * *
Unknown command.
You feel better.
The +1 halberd of venom completely misses you.
The +1 halberd of venom hits you but does no damage.
Unknown command.
You punch the +1 halberd of venom!
The +1 halberd of venom is moderately damaged.
A +2 short sword of freezing comes into view.
The +1 halberd of venom hits you!
* * * LOW HITPOINT WARNING * * *
You punch the +1 halberd of venom!
The +1 halberd of venom is severely damaged.
The deep elf pyromancer casts a spell.
The deep elf pyromancer blinks!
The +1 halberd of venom hits you!!
* * * LOW HITPOINT WARNING * * *
Unknown command.
You hit the +1 halberd of venom.
The +1 halberd of venom is severely damaged.
The +1 halberd of venom hits you!
You die...
Your body crumbles into a pile of gold.

#.....+ ##.....##
#.......# ##.......##
#.........# ##.......##
##>......# ##)#.....'##
##.##.....#Y##
##+###.##########(######
#...#'## ##§....#
.....######## #.(.#.'..
.....'....... §..[..# #
.....######## ###.>...#
')..'## #...#'# ###'#.##
#### . # #.##[#######


You could see 2 dancing weapons.

Vanquished Creatures
  Donald (Orc:2)
  A caustic shrike zombie (D:15)
  A deep elf annihilator (Elf:1)
  Nessos (D:13)
  An ettin (Orc:2)
  2 boulder beetles
  4 hydras
  6 centaur warriors
  A catoblepas (Lair:6)
  2 ogre magi (Orc:2)
  5 two-headed ogres
  A deep troll shaman (Lair:6)
  3 death yaks (Lair:6)
  3 orc high priests (Elf:1)
  Urug (Lair:4)
  Nergalle (Lair:1)
  2 deep elf knights (Elf:1)
  Sonja (D:10)
  7 skeletal warriors
  A golden dragon zombie (D:15)
  A deep troll (Orc:2)
  A flayed ghost (D:15)
  2 deep elf archers (Elf:1)
  2 orc knights
  Pikel (D:5)
  A wizard (D:14)
  A lindwurm (Lair:6)
  3 orc sorcerers
  13 deep elf zephyrmancers (Elf:1)
  A necromancer (D:14)
  8 deep elf pyromancers (Elf:1)
  2 manticores
  7 ugly things
  6 cyclopes
  11 elephants
  Joseph (D:7)
  A guardian serpent (shapeshifter) (D:13)
  4 black mambas
  A centaur zombie (D:11)
  9 cane toads
  A gargoyle (D:12)
  An unseen horror (D:13)
  3 yaktaurs (D:15)
  5 rime drakes
  6 komodo dragons
  An efreet (D:12)
  2 freezing wraiths
  A spriggan skeleton (D:15)
  A tengu conjurer (D:15)
  A meliai (D:12)
  A hornet (D:8)
  A queen bee (shapeshifter) (Gauntlet)
  11 trolls
  A spriggan zombie (D:15)
  15 slime creatures
  3 blink frogs (Lair:5)
  2 culicivoras (Lair:2)
  An air elemental (Elf:1)
  A yak (shapeshifter) (Gauntlet)
  2 wraiths
  2 wyverns
  Sigmund (D:3)
  37 yaks
  4 hogs (Lair:5)
  4 humans (D:13)
  2 steam dragons (D:7)
  2 fire elementals (Elf:1)
  7 vampire mosquitoes
  Edmund (D:6)
  2 wargs (Orc:2)
  A swamp worm (shapeshifter) (Gauntlet)
  9 water moccasins
  2 acid dragons
  15 orc warriors
  A swamp drake (D:12)
  An ice beast (D:6)
  4 black bears
  18 ogres
  18 wolves
  12 centaurs
  A lemure (D:5)
  4 kobold brigands
  22 bullfrogs
  A wyvern zombie (D:7)
  2 earth elementals (Elf:1)
  2 gnoll sergeants
  8 scorpions
  18 killer bees
  11 wights
  4 howler monkeys
  2 hounds
  3 jellies
  11 orc priests
  A bullfrog skeleton (D:5)
  A centaur skeleton (D:5)
  23 orc wizards
  An iguana (D:4)
  A hound zombie (D:5)
  2 howler monkey zombies
  17 gnolls
  6 adders
  2 adder skeletons (D:4)
  2 worms
  2 dart slugs
  70 orcs
  3 bats
  6 endoplasms
  2 giant cockroaches
  A goblin (D:2)
  6 hobgoblins
  6 jackals
  4 quokkas
  3 ball pythons (D:1)
  3 frilled lizards
  26 kobolds
  6 rats
607 creatures vanquished.

Vanquished Creatures (collateral kills)
  Kirke (Lair:5)
  A minotaur (Gauntlet)
  A hydra (Lair:1)
  A deep elf archer (Elf:1)
  An oklob plant (Lair:3)
  A centaur zombie (D:11)
  A cane toad (Lair:1)
  A freezing wraith (D:12)
  A komodo dragon (Lair:2)
  2 trolls (D:11)
  A hog (Lair:5)
  An orc warrior (D:11)
  A bullfrog (Lair:1)
  An orc priest (D:11)
  3 orcs
  3 kobolds (D:7)
21 creatures vanquished.

Vanquished Creatures (others)
  Rupert (D:13)
  A boulder beetle (D:12)
  6 two-headed ogres
  A centaur warrior (D:13)
  8 dancing weapons (Elf:1)
  A death knight (D:12)
  A deep troll (Orc:2)
  A deep elf archer (Elf:1)
  An orc knight (D:13)
  A deep elf pyromancer (Elf:1)
  3 ugly things (D:15)
  A yaktaur (D:15)
  2 trolls (Orc:2)
  3 slime creatures (D:13)
  A culicivora (shapeshifter) (D:13)
  12 humans (D:13)
  3 orc warriors
  5 ogres (Orc:2)
  2 centaurs
  2 orc wizards
  2 orcs (Orc:2)
  A butterfly (D:7)
  70 fungi
  65 plants
  9 withered plants (D:15)
203 creatures vanquished.

Grand Total: 831 creatures vanquished

Notes
Turn   | Place    | Note
-------+----------+-------------------------------------------
     0 | D:1      | Hasart the Octopode Transmuter began the quest for the Orb.
     0 | D:1      | Reached XP level 1. HP: 13/13 MP: 3/3
    47 | D:1      | Found a faded altar of an unknown god.
   165 | D:1      | Reached XP level 2. HP: 11/18 MP: 5/5
   174 | D:1      | Learned a level 2 spell: Wereblood
  1201 | D:2      | Reached XP level 3. HP: 23/23 MP: 2/6
  1205 | D:2      | Learned a level 3 spell: Spider Form
  1364 | D:2      | Reached XP level 4. HP: 15/29 MP: 4/7
  1876 | D:2      | Reached skill level 1 in Poison Magic
  2561 | D:3      | Identified the +11 rapier "Zaytti" {vorpal, Dex+3 SInv}
  2599 | D:3      | Reached XP level 5. HP: 34/34 MP: 8/8
  2724 | D:3      | Noticed Sigmund
  2729 | D:3      | Killed Sigmund
  2730 | D:3      | Reached skill level 1 in Short Blades
  2730 | D:3      | Reached skill level 4 in Unarmed Combat
  2730 | D:3      | Reached XP level 6. HP: 36/39 MP: 8/10
  2881 | D:3      | Found a runed translucent door.
  2882 | D:3      | Noticed Crazy Yiuf
  3479 | D:4      | Noticed a black bear
  3486 | D:4      | Killed a black bear
  3557 | D:4      | Reached XP level 7. HP: 22/45 MP: 8/11
  3712 | D:4      | Learned a level 3 spell: Call Canine Familiar
  4194 | D:5      | Entered Level 5 of the Dungeon
  4194 | D:5      | Found Wiruadd's Armour Shop.
  4200 | D:5      | Reached skill level 5 in Unarmed Combat
  4200 | D:5      | Reached skill level 1 in Summonings
  4402 | D:5      | Found a staircase to the Ecumenical Temple.
  4466 | Temple   | Entered the Ecumenical Temple
  4646 | Temple   | Became a worshipper of Gozag Ym Sagoz the Greedy
  4928 | D:5      | Noticed Pikel
  4950 | D:5      | HP: 3/67 [Pikel (1)]
  4954 | D:5      | Killed Pikel
  4955 | D:5      | Reached skill level 1 in Throwing
  4955 | D:5      | Reached XP level 8. HP: 8/52 MP: 11/13
  6157 | D:6      | Found Nemaxakusch's Jewellery Shop.
  6201 | D:6      | Noticed Edmund
  6214 | D:6      | Killed Edmund
  6782 | D:6      | Reached XP level 9. HP: 58/58 MP: 14/14
  7041 | D:7      | Noticed Joseph
  7336 | D:7      | Reached skill level 6 in Unarmed Combat
  7970 | D:7      | Found a white marble altar of Elyvilon.
  7986 | D:7      | Killed Joseph
  8274 | D:7      | Identified the ring of Xeas Nea {Wiz rElec rCorr Str+4
                  | Int+4}
  8323 | D:7      | Learned a level 4 spell: Ice Form
  8789 | D:7      | Learned a level 4 spell: Olgreb's Toxic Radiance
  9236 | D:8      | Reached skill level 1 in Ice Magic
  9236 | D:8      | Reached XP level 10. HP: 40/65 MP: 6/16
  9657 | D:8      | Reached skill level 7 in Unarmed Combat
  9657 | D:8      | Reached skill level 5 in Poison Magic
  9755 | D:8      | Reached skill level 5 in Summonings
  9907 | D:8      | Reached skill level 5 in Dodging
  9907 | D:8      | Reached skill level 5 in Transmutations
 11182 | D:6      | Bought a +4 ring of slaying for 780 gold pieces
 11683 | D:9      | Reached skill level 5 in Fighting
 11683 | D:9      | Reached skill level 5 in Spellcasting
 11685 | D:9      | Reached XP level 11. HP: 65/71 MP: 5/18
 11695 | D:9      | Reached skill level 8 in Unarmed Combat
 11695 | D:9      | Found a staircase to the Lair.
 12838 | D:10     | Entered Level 10 of the Dungeon
 13041 | D:10     | Noticed Sonja
 13050 | D:10     | Killed Sonja
 13051 | D:10     | Reached skill level 5 in Short Blades
 14240 | D:11     | Noticed a two-headed ogre
 14271 | D:11     | Killed a two-headed ogre
 14589 | D:10     | Bought a scroll of teleportation for 39 gold pieces
 14672 | D:6      | Bought an amulet of reflection for 300 gold pieces
 15832 | D:12     | Reached XP level 12. HP: 40/78 MP: 15/20
 15996 | D:12     | Noticed a boulder beetle
 16000 | D:12     | Noticed a boulder beetle
 16078 | Lair:1   | Entered Level 1 of the Lair of Beasts
 16215 | Lair:1   | Reached skill level 5 in Throwing
 16215 | Lair:1   | Reached skill level 1 in Shields
 16245 | Lair:1   | Found a frozen archway.
 16250 | Lair:1   | Reached skill level 9 in Unarmed Combat
 16282 | IceCv    | Entered an ice cave
 16556 | Lair:1   | Noticed a seven-headed hydra
 16593 | Lair:1   | Killed a seven-headed hydra
 16658 | Lair:1   | Noticed Nergalle
 17254 | Lair:2   | Found a hole to the Spider Nest.
 18256 | Lair:3   | Noticed a six-headed hydra
 20282 | Lair:3   | Reached XP level 13. HP: 51/84 MP: 14/22
 20418 | Lair:3   | Found the ring of the Mage {Wiz Archmagi}
 20905 | Lair:3   | Identified a scroll of acquirement
 20905 | Lair:3   | Acquired 934 gold pieces
 21039 | Lair:4   | Bought a potion of heal wounds for 70 gold pieces
 21078 | Lair:4   | Noticed Urug
 21092 | Lair:4   | Killed Urug
 21340 | Lair:4   | Reached skill level 10 in Unarmed Combat
 21486 | Lair:4   | Learned a level 6 spell: Eringya's Noxious Bog
 21556 | Lair:4   | Found a staircase to the Shoals.
 22221 | Lair:5   | Learned a level 2 spell: Blink
 22236 | Lair:5   | Reached skill level 5 in Ice Magic
 22502 | Lair:5   | Found a staircase to the Slime Pits.
 22502 | Lair:5   | Found a viscous altar of Jiyva.
 22720 | Lair:5   | Noticed Kirke
 22737 | Lair:5   | Killed Kirke
 23253 | Lair:6   | Entered Level 6 of the Lair of Beasts
 23592 | Lair:6   | Reached skill level 1 in Translocations
 24776 | Lair:6   | Bought the amulet of the Pharaoh's Fist {Spirit rPois rN+
                  | SInv} for 496 gold pieces
 24889 | Lair:1   | Killed Nergalle
 24890 | Lair:1   | Reached XP level 14. HP: 82/91 MP: 6/24
 25830 | D:12     | Found a staircase to the Orcish Mines.
 26836 | D:12     | Acquired 906 gold pieces
 27065 | Lair:6   | Bought the ring "Vosouf" {Fly Will+ Int+4 Dex-3 Slay+4} for
                  | 948 gold pieces
 27065 | Lair:6   | Bought a ring of fire for 250 gold pieces
 27065 | Lair:6   | Bought a ring of protection from cold for 250 gold pieces
 27727 | D:13     | Found a gate to the Vaults.
 27733 | D:13     | Reached skill level 11 in Unarmed Combat
 27736 | D:13     | Noticed Nessos
 27914 | D:13     | Noticed Rupert
 27925 | D:13     | Killed Rupert
 28167 | D:13     | Killed Nessos
 28168 | D:13     | Reached skill level 10 in Summonings
 28471 | D:13     | Identified the +4 short sword of Unpleasantness {vorpal,
                  | Contam rF- rC++ rCorr Str+3}
 28722 | D:13     | Got the Guide on Lethal Confrontation
 29204 | D:13     | Found a broken altar of Ashenzari.
 29594 | D:14     | Found a gate leading to a gauntlet.
 29602 | Gauntlet | Entered a Gauntlet
 29602 | Gauntlet | Found a transporter.
 29612 | Gauntlet | Found a transporter.
 29613 | Gauntlet | Found the macabre finger necklace {rN+}
 29617 | Gauntlet | Found a transporter.
 29618 | Gauntlet | Found a transporter.
 29627 | Gauntlet | Found a transporter.
 29627 | Gauntlet | Found a transporter.
 29628 | Gauntlet | Found a transporter.
 29629 | Gauntlet | Found a transporter.
 29633 | Gauntlet | Noticed an entropy weaver
 29633 | Gauntlet | a five-headed hydra changed into an entropy weaver
 29635 | Gauntlet | an entropy weaver changed into a jorogumo
 29695 | Gauntlet | Found a transporter.
 29700 | Gauntlet | Found a transporter.
 29704 | Gauntlet | Found a transporter.
 29718 | Gauntlet | Found a transporter.
 29841 | Gauntlet | Noticed an entropy weaver
 29841 | Gauntlet | a spark wasp changed into an entropy weaver
 29862 | Gauntlet | Learned a level 3 spell: Frozen Ramparts
 30002 | Gauntlet | Identified the ring "Weoxadya" {rN+ Dex+6}
 30109 | Gauntlet | Got the Collected Works on Displacement
 30468 | D:14     | Acquired 1116 gold pieces
 30528 | Orc:1    | Entered Level 1 of the Orcish Mines
 30636 | Orc:1    | Found a runed translucent door.
 30638 | Orc:1    | Noticed p0werm0de's ghost (journeyman MiCK)
 30820 | Orc:2    | Entered Level 2 of the Orcish Mines
 31122 | Orc:2    | Found Otiuf's Antique Weapon Shop.
 31126 | Orc:2    | Reached skill level 5 in Shields
 31149 | Orc:2    | Found Nomoziocuy's Jewellery Shop.
 31725 | Orc:2    | Found a transporter.
 31739 | Orc:2    | Found Coinaarph's Jewellery Shoppe.
 31755 | Orc:2    | Found Uble's General Store.
 31763 | Orc:2    | Bought the ring of Odghiageu {Dex+4 Slay+3 SInv} for 602
                  | gold pieces
 31817 | Orc:2    | Noticed Donald
 31825 | Orc:2    | Killed Donald
 31827 | Orc:2    | Found a transporter.
 31999 | Orc:2    | Found a staircase to the Elven Halls.
 32127 | Orc:2    | Reached XP level 15. HP: 97/99 MP: 26/26
 32424 | Orc:2    | Bought the ring of Joy {rF+ Will+} for 714 gold pieces
 33711 | D:15     | Entered Level 15 of the Dungeon
 34513 | D:15     | Reached skill level 1 in Evocations
 34757 | D:15     | Found a staircase to the Depths.
 35900 | D:15     | Found Pinejef's Armour Shop.
 36414 | Elf:1    | Entered Level 1 of the Elven Halls
 36979 | Elf:1    | Reached skill level 12 in Unarmed Combat
 38010 | Elf:1    | Acquired 783 gold pieces
 38140 | Orc:2    | Bought the ring "Ucvenwam" {rF+ rN+ Dex+6 Stlth+} for 1510
                  | gold pieces
 38649 | Elf:1    | Paralysed by an air elemental for 1 turns
 38792 | Elf:1    | Reached XP level 16. HP: 59/106 MP: 9/28
 39029 | Elf:1    | Found a shimmering blue altar of Sif Muna.
 39389 | Elf:1    | Reached skill level 10 in Poison Magic
 39433 | Elf:1    | Slain by a +1 halberd of venom

Illustrated notes

Levels and vault maps discovered:
D:1:      doesnt_arrival_eight_statues, layout_loops_corners,
          chequers_ecumenical_altar_simple, st_stairs_8,
          kennysheep_pointless_box
D:2:      layout_basic
D:3:      layout_basic, lightli_corner_chamber, uniq_crazy_yiuf_cottage,
          uniq_sigmund
D:4:      layout_basic, nicolae_figureground_pulse
D:5:      layout_basic, minmay_temple_entry_arrows, serial_shops, shop,
          uniq_pikel
D:6:      layout_loops_ring, serial_shops, nicolae_lakefront_shop, uniq_edmund
D:7:      layout_basic, nicolae_elyvilon_peaceful_grove, uniq_joseph
D:8:      layout_layer_cave
D:9:      layout_loops_ring, due_lair_maze_entry_diamond
D:10:     layout_basic, amcnicky_mini_corridor_feature, uniq_sonja
D:11:     layout_irregular_city, minmay_misc_feat_diagonals
D:12:     layout_irregular_city, erik_orc_1, kb_rosetta
D:13:     layout_cave_pools, david_vaults_3, ashenzari_conservatory_becter,
          uniq_rupert, uniq_nessos
D:14:     lemuel_ice_spiral_2, layout_stronghold, serial_park_avenue1,
          gauntlet_entry_generic
D:15:     gammafunk_depths_entry_grave, layout_cross, serial_shops,
          nicolae_diamond_shop, minivault_27, dk_noncrumbling_3
Temple:   mainiacjoe_temple_starburst
Lair:1:   layout_chaotic_city, portal_ice_cave_rime, serial_bayou_shore_b,
          infiniplex_staircase_pool_2, grunt_megastairs_3, uniq_nergalle
Lair:2:   layout_regular_city, hellmonk_spider_entry_life_and_decay,
          lemuel_fruit_tree
Lair:3:   layout_layer_cave, minmay_lair_oklob_items
Lair:4:   layout_misc_corridors, shoals_dummy_entry, uniq_urug
Lair:5:   layout_gridlike, slime_altar_1, st_stairs_13, grunt_megastairs_1,
          uniq_kirke
Lair:6:   grunt_lair_end_beastmaster, layout_hall_layers,
          nicolae_quartered_pool_impasse
Orc:1:    layout_caves, ebering_ghost_inner_flame, uniq_harold
Orc:2:    st_orc_open, layout_diamond_mine, gammafunk_ghost_berserking_beasts,
          uniq_donald
Elf:1:    nicolae_elf_arrival_no_cutting_in_line, layout_geoelf_diagonals,
          basic_altar, hangedman_elven_crosses_minicolossus

Skill      XL: |  1  2  3  4  5  6  7  8  9 10 11 12 13 14 15 16 |
---------------+-------------------------------------------------+-----
Poison Magic   | 1 2 3 4 5 6 7 8 9 10 | 10.0
Fighting       | 2 3 4 5 6 7 8 |  8.5
Short Blades   | 1 2 3 4 5 6 7 8 |  8.0
Unarmed Combat | 4 5 6 7 8 9 10 11 12 | 12.3
Dodging        | 3 4 5 6 7 8 |  8.7
Spellcasting   | 3 4 5 6 7 8 |  8.1
Transmutations | 3 4 5 6 7 8 |  8.8
Summonings     | 2 3 4 5 7 8 9 10 11 | 11.4
Throwing       | 1 2 3 4 5 |  5.0
Ice Magic      | 1 2 3 4 5 6 7 |  7.0
Shields        | 2 4 5 6 |  6.1
Translocations | 1 3 4 |  4.8
Evocations     | 2 |  2.8

Action                   |  1- 3 |  4- 6 |  7- 9 | 10-12 | 13-15 | 16-18 || total
-------------------------+-------+-------+-------+-------+-------+-------++-------
Melee: Unarmed           |    54 |    35 |    25 |    14 |   478 |    24 ||   630
       Constrict         |    16 |    24 |    26 |    49 |    24 |       ||   139
       Tentacles         |    13 |    19 |    26 |    71 |    26 |       ||   155
       Kick              |     4 |     8 |     8 |       |       |       ||    20
       Rapier            |       |    41 |   142 |   245 |   108 |     5 ||   541
       Punch             |       |       |     9 |    22 |     8 |     3 ||    42
Throw: Dart              |       |       |     2 |       |       |       ||     2
 Cast: Beastly Appendage |     3 |     3 |     2 |       |       |       ||     8
       Wereblood         |     2 |     2 |     7 |     8 |     4 |       ||    23
       Call Canine Famil |       |       |     9 |    33 |    27 |       ||    69
       Spider Form       |       |       |     1 |       |       |       ||     1
       Olgreb's Toxic Ra |       |       |     4 |    62 |    57 |     1 ||   124
       Ice Form          |       |       |     2 |     6 |    70 |     3 ||    81
       Eringya's Noxious |       |       |       |       |    25 |       ||    25
       Frozen Ramparts   |       |       |       |       |     1 |       ||     1
       Blink             |       |       |       |       |     1 |       ||     1
Invok: Call Merchant     |       |       |       |     1 |     4 |       ||     5
       Potion Petition   |       |       |       |       |     1 |       ||     1
Evoke: Wand              |       |       |       |     1 |     8 |       ||     9
  Use: Potion            |       |       |     4 |     2 |     3 |     1 ||    10
       Scroll            |       |       |    11 |       |    17 |       ||    28
 Stab: Sleeping          |     3 |     6 |     6 |     7 |     6 |       ||    28
       Distracted        |       |     2 |     1 |     2 |     7 |       ||    12
       Held in net/web   |       |       |       |     1 |       |       ||     1
Armor: Skin              |     9 |     5 |    17 |    11 |   149 |     8 ||   199
Dodge: Dodged            |    33 |    34 |   111 |   149 |   323 |    10 ||   660
Block: Buckler           |       |       |       |    36 |       |       ||    36
       Reflection        |       |       |       |     4 |       |       ||     4
       Other             |       |       |       |     6 |    23 |       ||    29
       Kite shield       |       |       |       |    20 |    59 |     1 ||    80

Table legend: (Time is in decaauts)
 A = Elapsed time spent in this place.
 B = Non-inter-level travel time spent in this place.
 C = Inter-level travel time spent in this place.
 D = Time resting spent in this place.
 E = Time spent auto-exploring this place.
 F = Levels seen in this place.
 G = Mean time per level.
                   A        B        C        D        E       F      G
               +--------+--------+--------+--------+--------+-----+--------+
         Total |  39412 |  36939 |   2473 |   6049 |  25308 |  27 | 1459.7 |
       Dungeon |  23926 |  22234 |   1692 |   3470 |  15693 |  15 | 1595.1 |
        Temple |    235 |    180 |     55 |      0 |    169 |   1 |  235.0 |
          Lair |   9452 |   8964 |    488 |    779 |   6945 |   6 | 1575.3 |
  Orcish Mines |   2265 |   2118 |    147 |    616 |   1065 |   2 | 1132.5 |
   Elven Halls |   2664 |   2574 |     90 |    775 |   1382 |   1 | 2664.0 |
      Ice Cave |      7 |      7 |      0 |      0 |      0 |   1 |    7.0 |
      Gauntlet |    860 |    860 |      0 |    409 |     54 |   1 |  860.0 |
               +--------+--------+--------+--------+--------+-----+--------+

Top non-repeatable levels by time:
    D:12: 2702 daAuts
   Elf:1: 2664 daAuts
  Lair:3: 2594 daAuts
     D:6: 2506 daAuts
    D:14: 2203 daAuts
  Lair:2: 1949 daAuts
     D:8: 1887 daAuts
    D:15: 1693 daAuts
   Orc:2: 1642 daAuts
  Lair:6: 1601 daAuts
     D:5: 1555 daAuts
     D:9: 1540 daAuts
    D:10: 1510 daAuts
     D:7: 1414 daAuts
    D:13: 1368 daAuts
